 Dungeon Crawl Stone Soup version 0.27-a0-34-gc18c9092ac (webtiles) character file.

Game seed: 2164309862775995873

109 lunkers the Stinger (level 4, -3/30 HPs)
             Began as a Merfolk Venom Mage on Jan 4, 2021.
             Slain by an orc wizard
             ... wielding a +0 dagger
              (4 damage)
             ... on level 2 of the Dungeon.
             The game lasted 00:03:57 (3086 turns).

lunkers the Stinger (Merfolk Venom Mage)            Turns: 3086, Time: 00:03:58

Health: -3/30      AC:  2    Str:  5 (8)  XL:     4   Next: 90%
Magic:  2/8        EV: 13    Int: 12 (15) God:
Gold:   101        SH:  0    Dex: 13 (14) Spells: 8/9 levels left

rFire    + . .     SeeInvis .   n - +0 dagger (elec)
rCold    . . .     Faith    .   (no shield)
rNeg     . . .     Spirit   .   a - +0 robe
rPois    .         Reflect  .   (no helmet)
rElec    .         Harm     .   (no cloak)
rCorr    .         Rampage  .   (no gloves)
Will     .....                  (no boots)
Stlth    +.........             (no amulet)
HPRegen  0.10/turn              f - ring of protection from fire
MPRegen  0.11/turn              (no ring)

@: confused
A: change form in water, swift swim, stealthy swim
a: no special abilities


You were on level 2 of the Dungeon.
You visited 1 branch of the dungeon, and saw 3 of its levels.

You collected 101 gold pieces.

Inventory:

Hand Weapons
 n - a +0 dagger of electrocution (weapon)
Armour
 a - a +0 robe (worn)
Jewellery
 f - a ring of protection from fire (left hand)
 o - a cursed amulet of inaccuracy {unknown}
Scrolls
 b - 3 scrolls of identify {unknown}
 d - 3 scrolls of teleportation {unknown}
 h - a scroll of remove curse {unknown}
 k - 4 scrolls of fog {unknown}
 m - a scroll of fear {unknown}
 p - 2 scrolls of enchant weapon {unknown}
Potions
 e - a potion of lignification {unknown}
 g - a potion of ambrosia {unknown}
 i - a potion of haste {unknown}
 j - a potion of resistance {unknown}
 l - a potion of attraction {unknown}


   Skills:
 - Level 2.6 Dodging
 - Level 2.1 Stealth
 + Level 3.0 Spellcasting
 + Level 3.6 Transmutations
 + Level 4.3 Poison Magic


You had 8 spell levels left.
You knew the following spells:

 Your Spells              Type           Power        Failure   Level
a - Sting                 Tmut/Pois      44%          4%          1

Your spell library contained the following spells:

 Spells                   Type           Power        Failure   Level
 Poisonous Vapours        Pois/Air       14%          16%         2
 Ignite Poison            Fire/Tmut/Pois 8%           24%         3
 Mephitic Cloud           Conj/Pois/Air  5%           38%         3
 Olgreb's Toxic Radiance  Pois           12%          38%         4


Dungeon Overview and Level Annotations

Branches:
Dungeon (3/15)

Altars:
Dithmenos
Fedhas
Kikubaaqudgha
Makhleb
Qazlal
Sif Muna
Trog
Zin
The Shining One


Message History

Casting: Sting (safe; 3% risk of failure)
Confirm with . or Enter, or press ? or * to list all spells.
Aiming: Sting (safe; 3% risk of failure)
Press: ? - help, Shift-Dir - straight line, f/p - orc wizard
Aim: an orc wizard, wielding a +0 dagger and wearing a cursed -2 robe (moderately wounded, very poisoned, 36% to evade)
The sting misses the orc wizard.
* * * LOW MAGIC WARNING * * *
The orc wizard casts a spell at you.
You are confused.
Unknown command.
You're too confused to cast spells.
Sorry, you're not good enough to have a special ability.
Unknown command.
The orc wizard hits you with a +0 dagger.
* * * LOW HITPOINT WARNING * * *
It was a potion of degeneration.
There was something very wrong with that liquid.
You feel weakened.
You feel dopey.
You feel clumsy.
The orc wizard hits you with a +0 dagger.
You die...

#############....#
.# #<.....#...# .#
#########.#...# .#
#.##..###.#...# .#
#.#.P._##.#...# .#
#.#...P##.#...# .#
#.+.⌠._##.#...# .#
#.#P[..P#.#..>#
.###.#..._##.#.o@#
.....##..##......#
#.##.....###.#.#.#
#.##....## #[#.#.#
#.##....# #.#.#.#
#†####### #.#.#.#
#.# #.#.#.# #.#
#######.#.#.# #.#
#.........#.#


You could see an orc wizard (very poisoned).

Vanquished Creatures
  An orc priest (D:3)
  A gnoll (D:3)
  An ooze (D:2)
  3 worms (D:2)
  A dart slug (D:1)
  3 orcs (D:3)
  A ball python (D:2)
  7 bats
  3 giant cockroaches
  8 goblins
  5 hobgoblins
  4 jackals (D:2)
  A quokka (D:2)
  3 frilled lizards
  4 kobolds
  3 rats
49 creatures vanquished.

Notes
Turn   | Place    | Note
-------+----------+-------------------------------------------
     0 | D:1      | lunkers the Merfolk Venom Mage began the quest for the Orb.
     0 | D:1      | Reached XP level 1. HP: 13/13 MP: 3/3
   245 | D:1      | Reached XP level 2. HP: 15/19 MP: 0/5
  1134 | D:2      | Reached XP level 3. HP: 17/24 MP: 0/6
  1689 | D:2      | Found a stormy altar of Qazlal.
  1692 | D:2      | Found a shimmering blue altar of Sif Muna.
  1692 | D:2      | Found a glowing silver altar of Zin.
  2132 | D:2      | Found an ancient bone altar of Kikubaaqudgha.
  2279 | D:2      | Found a shadowy altar of Dithmenos.
  2280 | D:2      | Found a bloodstained altar of Trog.
  2280 | D:2      | Found a blossoming altar of Fedhas.
  2344 | D:2      | Reached skill level 4 in Poison Magic
  2456 | D:2      | Reached XP level 4. HP: 30/30 MP: 6/8
  2513 | D:2      | Found a blossoming altar of Fedhas.
  2613 | D:2      | Found a burning altar of Makhleb.
  2647 | D:2      | Found a glowing golden altar of the Shining One.
  3085 | D:2      | HP: 1/30 [orc wizard/+0 dagger (2)]
  3086 | D:2      | Slain by an orc wizard

Illustrated notes

Levels and vault maps discovered:
D:1:      amcnicky_arrival_single_pillar, layout_loops_cross
D:2:      layout_basic, tso_oasis_becter, lemuel_doored_altar,
          chequers_temple_overflow_statue_of_worship,
          gammafunk_temple_overflow_forgotten, fedhas_altar_3
D:3:      layout_rooms, nicolae_overflow_hidden_temple,
          minmay_stone_trees_small, roderic_serpentine_path,
          chequers_serial_rivers_micro_c, okawaru_ov_weapons_minmay

Skill      XL: |  1  2  3  4 |
---------------+-------------+-----
Transmutations | 2 3 |  3.6
Poison Magic   | 4 |  4.3
Spellcasting   | 3 |  3.0
Dodging        | |  2.6
Stealth        | |  2.1

Action                   |  1- 3 |  4- 6 || total
-------------------------+-------+-------++-------
Melee: Unarmed           |    15 |       ||    15
       Dagger            |     3 |     3 ||     6
 Cast: Sting             |    87 |    29 ||   116
  Use: Potion            |       |     1 ||     1
Armor: Robe              |     6 |     5 ||    11
Dodge: Dodged            |    35 |    14 ||    49

Table legend: (Time is in decaauts)
 A = Elapsed time spent in this place.
 B = Non-inter-level travel time spent in this place.
 C = Inter-level travel time spent in this place.
 D = Time resting spent in this place.
 E = Time spent auto-exploring this place.
 F = Levels seen in this place.
 G = Mean time per level.
                   A        B        C        D        E       F      G
               +--------+--------+--------+--------+--------+-----+--------+
         Total |   3086 |   3025 |     61 |    109 |   2363 |   3 | 1028.7 |
       Dungeon |   3086 |   3025 |     61 |    109 |   2363 |   3 | 1028.7 |
               +--------+--------+--------+--------+--------+-----+--------+

Top non-repeatable levels by time:
     D:2: 1760 daAuts
     D:1: 1097 daAuts
     D:3: 228 daAuts
